 Dungeon Crawl Stone Soup version 0.30-a0-626-gd6a5dd7a1f (webtiles) character file.

Game seed: 8650872101258363003

296 bmack86 the Trooper (level 6, -1/37 (56) HPs)
             Began as a Minotaur Fighter on Jan 11, 2023.
             Killed from afar by an orc wizard (8 damage)
             ... with a puff of flame
             ... on level 4 of the Dungeon.
             The game lasted 00:06:32 (2317 turns).

bmack86 the Trooper (Minotaur Fighter)              Turns: 2317, Time: 00:06:32

HP:   -1/37 (56)    AC:  7    Str: 23    XL:     6   Next: 12%
MP:   5/5           EV:  9    Int:  5    God:
Gold: 199           SH:  0    Dex:  9    Spells: 5/5 levels left

rFire   . . .      SeeInvis .    a - +0 war axe
rCold   . . .      Faith    .    c - +1 buckler
rNeg    . . .      Spirit   .    b - +0 scale mail
rPois   .          Reflect  .    (helmet restricted)
rElec   .          Harm     .    (no cloak)
rCorr   .          Rampage  .    (no gloves)
Will    .....                    (no boots) Stlth
                                 (no amulet)
HPRegen 0.26/turn                (no ring)
MPRegen 0.09/turn                (no ring)

@: confused, very heavily drained
A: horns 2, retaliatory headbutt
a: no special abilities


You were on level 4 of the Dungeon.
You visited 1 branch of the dungeon, and saw 4 of its levels.

You collected 199 gold pieces.

Inventory:

Hand Weapons
 a - a +0 war axe (weapon)
 p - a +0 war axe
Missiles
 o - 4 atropa-tipped darts (quivered)
 r - a boomerang
Armour
 b - a +0 scale mail (worn)
 c - a +1 buckler (worn)
Scrolls
 e - 2 scrolls of teleportation
 f - a scroll of vulnerability
 g - a scroll of brand weapon
 h - a scroll of immolation
 j - a scroll of poison
 m - a scroll of noise
Potions
 d - a potion of might
 i - a potion of curing
 k - a potion of mutation
 l - 2 potions of heal wounds


   Skills:
 * Level 5.5 Fighting
 * Level 4.6 Axes
 + Level 1.4 Throwing
 + Level 4.7 Armour
 + Level 4.5 Shields


You had 5 spell levels left.
You didn't know any spells.
Your spell library contained the following spells:

 Spells                   Type           Power      Damage    Failure   Level
 Summon Guardian Golem    Hex/Summ       0%         N/A       99%         3
 Orb of Destruction       Conj           0%         9d5       100%        7
 Spellforged Servitor     Conj/Summ      0%         N/A       100%        7


Dungeon Overview and Level Annotations

Branches:
Dungeon (4/15)
 Temple: D:4-7

Altars:
Sif Muna

Shops:
D:2 *


Innate Abilities, Weirdness & Mutations

You have a pair of horns on your head.
You reflexively headbutt those who attack you in melee.


Message History

You're too confused to move!
You feel less confused. Something hits you.
You feel drained. You block the orc's attack.
You barely miss something. You closely miss the orc.
The orc hits you with a +0 club.
You hear some strange, mumbled words.
A puff of flame appears from out of thin air!
The puff of flame misses you. Something hits you.
* * * LOW HITPOINT WARNING * * *
You feel drained.
* * * LOW HITPOINT WARNING * * *
The orc hits you but does no damage.
You miss something. You hit the orc. Something hits you.
* * * LOW HITPOINT WARNING * * *
You feel drained.
* * * LOW HITPOINT WARNING * * *
The orc hits you with a +0 club.
* * * LOW HITPOINT WARNING * * *
You barely miss something. Your headbutt misses something. You slash the orc!
You kill the orc!
Something hits you but does no damage.
You feel drained.
You miss something.
You hear some strange, mumbled words.
A magic dart appears from out of thin air!
The magic dart hits you but does no damage.
You miss something. Something hits you but does no damage.
You feel drained.
You hear some strange, mumbled words.
You are confused.
You closely miss something. Your headbutt misses something.
You hear some strange, mumbled words.
A magic dart appears from out of thin air!
The magic dart hits you.
* * * LOW HITPOINT WARNING * * *
You bump into the rock wall.
You hear some strange, mumbled words.
Something tries to affect you, but you resist.
You hear some strange, mumbled words.
A puff of flame appears from out of thin air!
The puff of flame hits you!
You die...

######### #.......#
#.....@{# ######
#......)# #.....
#.....).# #.#.####
#.......# #.#.# #
#$...>..# #.#.# #
#####...## #.#.# #
#.#..# #.#.# #
#.##.## #.#.# #
#.##..######.#.####


There were no monsters in sight!

Vanquished Creatures
  A black bear (D:4)
  A phantom (D:4)
  A hound (D:4)
  An orc wizard (D:3)
  2 adders
  2 dart slugs
  3 orcs
  5 endoplasms
  2 giant cockroaches (D:1)
  7 goblins
  7 hobgoblins
  3 kobolds
  3 quokkas
  4 ball pythons
  2 bats
  2 frilled lizards
  11 rats
57 creatures vanquished.

Notes
Turn   | Place    | Note
-------+----------+-------------------------------------------
     0 | D:1      | bmack86 the Minotaur Fighter began the quest for the Orb.
     0 | D:1      | Reached XP level 1. HP: 19/19 MP: 0/0
   136 | D:1      | Reached XP level 2. HP: 26/27 MP: 1/1
   199 | D:1      | Reached skill level 4 in Fighting
   278 | D:1      | Reached XP level 3. HP: 28/33 MP: 2/2
   682 | D:2      | Found Nuos Lud's Assorted Antiques.
  1166 | D:2      | Identified the +10 hand axe "Ogeul" {flame, *Corrode rF++
                  | SInv Stlth+}
  1588 | D:3      | Reached XP level 4. HP: 36/41 MP: 3/3
  1623 | D:3      | Found a shimmering blue altar of Sif Muna.
  2250 | D:4      | Noticed a black bear
  2256 | D:4      | Killed a black bear
  2257 | D:4      | Reached skill level 5 in Fighting
  2257 | D:4      | Reached skill level 1 in Throwing
  2257 | D:4      | Reached XP level 5. HP: 44/48 MP: 4/4
  2286 | D:4      | Noticed a phantom
  2295 | D:4      | Killed a phantom
  2296 | D:4      | Reached XP level 6. HP: 45/56 MP: 5/5
  2317 | D:4      | Killed from afar by an orc wizard

Illustrated notes

Levels and vault maps discovered:
D:1:      lemuel_arrival_cross, layout_basic, st_stairs_9
D:2:      minmay_alternating_diamond, layout_loops_ring, serial_shops, shop
D:3:      layout_basic, kennysheep_orc_sif_temple
D:4:      layout_basic, nzn_hepliaklqana_mist_gate, serial_shops,
          kennysheep_mini

Skill      XL: |  1  2  3  4 |
---------------+-------------+-----
Fighting       | 4 5 |  5.5
Axes           | 3 4 |  4.6
Armour         | 4 |  4.7
Shields        | 4 |  4.5
Throwing       | 1 |  1.4

Action                   |  1- 3 |  4- 6 || total
-------------------------+-------+-------++-------
Melee: War axe           |    74 |    32 ||   106
       Headbutt          |     7 |     2 ||     9
  Use: Scroll            |     6 |     4 ||    10
Armor: Scale mail        |    59 |    22 ||    81
Dodge: Dodged            |    41 |    13 ||    54
Block: Buckler           |    18 |     5 ||    23

Table legend: (Time is in decaauts)
 A = Elapsed time spent in this place.
 B = Non-inter-level travel time spent in this place.
 C = Inter-level travel time spent in this place.
 D = Time resting spent in this place.
 E = Time spent auto-exploring this place.
 F = Levels seen in this place.
 G = Mean time per level.
                   A        B        C        D        E       F      G
               +--------+--------+--------+--------+--------+-----+--------+
         Total |   2361 |   2225 |    136 |      0 |   1549 |   4 |  590.2 |
       Dungeon |   2361 |   2225 |    136 |      0 |   1549 |   4 |  590.2 |
               +--------+--------+--------+--------+--------+-----+--------+

Top non-repeatable levels by time:
     D:3: 900 daAuts
     D:2: 793 daAuts
     D:1: 565 daAuts
     D:4: 102 daAuts
